Map: Neukirk TE (Void)

Players

Warbeeps - Winner!

  • Race: Terran Terran
  • League: Platinum
  • Spawn Location: 5:00

Twister

  • Race: Terran Terran
  • League: Silver
  • Spawn Location: 7:00

VOD

Have the link to the VOD?

Description

Time

  • Played on: Jan. 22, 2017, 9:08 a.m.
  • Length: 5:18
Show
View Real Time Build Order
Export as new Build Order

Warbeeps Terran - Winner!

Build Orders: Liberator Opening 

Get SALT Encoding   

  12  0:00  SCV  
  13  0:12  SCV  
  14  0:19  Supply Depot  
  14  0:25  SCV  
  15  0:31  Refinery  
  15  0:40  SCV  
  16  0:47  Barracks  
  16  0:53  SCV  
  17  1:05  SCV  
  18  1:17  SCV  
  19  1:34  Orbital Command  
  19  1:39  Barracks Reactor  
  19  1:46  Command Center  
  19  2:01  Factory, SCV  
  20  2:12  Supply Depot  
  20  2:13  SCV  
  21  2:18  Refinery  
  21  2:20  Marine  
  21  2:21  Marine  
  23  2:34  SCV  
  23  2:35  Supply Depot  
  24  2:46  SCV, Starport  
  24  2:47  Marine  
  24  2:50  Marine  
  27  2:58  SCV  
  27  3:02  Orbital Command  
  28  3:08  Widow Mine  
  30  3:13  SCV  
  31  3:23  Medivac  
  31  3:25  SCV  
  34  3:28  SCV  
  34  3:32  Marine  
  36  3:37  SCV  
  36  3:40  Liberator, SCV  
  38  3:45  Widow Mine  
  40  3:49  SCV  
  40  3:53  SCV  
  40  3:54  Marine x2  
  44  3:58  Supply Depot  
  47  4:06  SCV x2  
  49  4:12  Marine x2  
  51  4:19  Factory Tech Lab  
  51  4:20  Barracks  
  51  4:22  Supply Depot  
  51  4:23  SCV x2  
  53  4:28  Supply Depot  
  53  4:29  Supply Depot  
  53  4:35  SCV x2  
  53  4:54  Marine x2  
  58  5:03  SCV x2  
  58  5:08  Barracks  
  58  5:10  Starport Reactor  
  58  5:11  Barracks  
  58  5:12  Barracks Reactor  
  60  5:16  Barracks  
Show
View Real Time Build Order
Export as new Build Order

Twister Terran 

Build Orders:  

Get SALT Encoding   

  12  0:01  SCV  
  13  0:14  SCV  
  14  0:18  Supply Depot  
  14  0:26  SCV  
  15  0:40  SCV  
  15  0:42  Barracks  
  16  0:47  Refinery  
  16  0:52  SCV  
  17  1:04  SCV  
  18  1:16  SCV  
  19  1:33  Orbital Command  
  19  1:38  Barracks Reactor  
  19  1:44  Command Center  
  19  1:59  Barracks  
  19  2:04  Supply Depot  
  19  2:18  Engineering Bay  
  19  2:19  Marine x2  
  21  2:25  SCV  
  22  2:34  Supply Depot  
  22  2:37  SCV  
  22  2:39  Marine x2  
  25  2:47  Terran Infantry Weapons Level 1  
  25  2:49  Barracks Tech Lab  
  25  2:59  SCV  
  25  3:00  Barracks  
  26  3:07  Orbital Command  
  26  3:11  SCV  
  26  3:12  Marine  
  28  3:17  Combat Shields  
  28  3:23  Marine x2  
  30  3:30  Marine  
  31  3:34  SCV x2  
  31  3:40  Marine  
  31  3:41  Marine  
  34  3:48  SCV x2  
  37  3:51  Supply Depot  
  37  4:02  Barracks Reactor  
  37  4:12  Marine x3  
  40  4:19  SCV  
  40  4:20  Command Center  
  41  4:29  Refinery  
  41  4:30  Marine x2  
  43  4:33  Factory  
  43  4:34  Marine  
  30  4:48  Marine x2  
  30  4:52  Marine  
Tags
 
Add a new tag
Caveats
  • Supply blocks, unpowered buildings, or Contaminate may cause inaccurate times.
  • Supply counts are checked every 10 seconds.